| TOP OF THE 1ST |
|
University of Southern California Trojans batting - Pitching for Mississippi State University Bulldogs : RHP Befikadu Mthuthuzeli
|
|
Pitching: RHP Befikadu Mthuthuzeli
|
|
|
Batting: LHB Alonzo Catalan
|
0-0: Called Strike 0-1: Ball 1-1: SOLO HOME RUN (Flyball, 9LD, EV 96.2 MPH), Distance : 342 ft
|
|
Batting: LHB John Rumbolt
|
0-0: Ball 1-0: Called Strike 1-1: Swinging Strike 1-2: Ball 2-2: Strikes out swinging passed ball, reaches first!
|
|
Batting: RHB Tri Kartini
|
0-0: Foul Ball, location: 2F 0-1: Ball 1-1: Ball 2-1: Grounds into double play, 4-6-3 (Groundball, 34S, EV 84.4 MPH)
|
|
Batting: RHB Eric Baker
|
0-0: Ball 1-0: Called Strike 1-1: Foul Ball, location: 2F 1-2: Strikes out swinging
|
| Top of the 1st over - 1 run, 1 hit, 0 errors, 0 left on base; University of Southern California 1 - Mississippi State University 0 |
| BOTTOM OF THE 1ST |
|
Mississippi State University Bulldogs batting - Pitching for University of Southern California Trojans : RHP Ville Nyman
|
|
Pitching: RHP Ville Nyman
|
|
|
Batting: LHB Danny Shanahan
|
0-0: Ball 1-0: Foul Ball, location: 2F 1-1: Swinging Strike 1-2: Strikes out swinging
|
|
Batting: LHB Vinnie Kalman
|
0-0: Ball 1-0: SINGLE (Line Drive, 7S, EV 93.1 MPH)
|
|
Batting: RHB Alvin Abarca
|
0-0: Called Strike 0-1: Fly out, F8 (Flyball, 8RD, EV 96.9 MPH)
|
|
Batting: RHB Josh Stene
|
0-0: Ball 1-0: Swinging Strike 1-1: Called Strike 1-2: Strikes out swinging
|
| Bottom of the 1st over - 0 runs, 1 hit, 0 errors, 1 left on base; University of Southern California 1 - Mississippi State University 0 |
| TOP OF THE 2ND |
|
University of Southern California Trojans batting - Pitching for Mississippi State University Bulldogs : RHP Befikadu Mthuthuzeli
|
|
Batting: RHB Mike Woodard
|
0-0: Called Strike 0-1: Ball 1-1: Foul Ball, location: 2F 1-2: Strikes out swinging
|
|
Batting: RHB Juan Barela
|
0-0: TRIPLE (Line Drive, 8RXD, EV 106.2 MPH)
|
|
Batting: LHB Victor Reyna
|
0-0: Swinging Strike 0-1: Called Strike 0-2: Strikes out swinging
|
|
Batting: RHB Ryan Thurston
|
0-0: Called Strike 0-1: Ball Wild Pitch! Juan Barela scores 1-1: Ball 2-1: Called Strike 2-2: Strikes out swinging, 2-3 out at first.
|
| Top of the 2nd over - 1 run, 1 hit, 0 errors, 0 left on base; University of Southern California 2 - Mississippi State University 0 |
| BOTTOM OF THE 2ND |
|
Mississippi State University Bulldogs batting - Pitching for University of Southern California Trojans : RHP Ville Nyman
|
|
Batting: RHB Josh Simmons
|
0-0: Ball 1-0: Ball 2-0: Foul Ball, location: 2F 2-1: Ground out U3 (Groundball, 34, EV 102.5 MPH)
|
|
Batting: LHB Ricardo Ramos
|
0-0: Ball 1-0: Called Strike 1-1: Foul Ball, location: 2F 1-2: SINGLE (Groundball, 34D, EV 101.2 MPH)
|
|
Batting: RHB Bill Petipas
|
0-0: Called Strike 0-1: Foul Ball, location: 2F 0-2: Strikes out swinging
|
|
Batting: RHB Alexis Gallegos
|
0-0: Swinging Strike 0-1: Ball 1-1: Foul Ball, location: 2F 1-2: Ball 2-2: Ball 3-2: Fly out, F9 (Line Drive, 9S, EV 86.9 MPH)
|
| Bottom of the 2nd over - 0 runs, 1 hit, 0 errors, 1 left on base; University of Southern California 2 - Mississippi State University 0 |
| TOP OF THE 3RD |
|
University of Southern California Trojans batting - Pitching for Mississippi State University Bulldogs : RHP Befikadu Mthuthuzeli
|
|
Batting: LHB Eli Evenson
|
0-0: Called Strike 0-1: Fly out, F8 (Flyball, 8RD, EV 106.9 MPH)
|
|
Batting: LHB Alonzo Catalan
|
0-0: Foul Ball, location: 2F 0-1: Ball 1-1: Ball 2-1: Ball 3-1: Foul Ball, location: 2F 3-2: Ground out 4-3 (Groundball, 4, EV 101.2 MPH)
|
|
Batting: LHB John Rumbolt
|
0-0: Called Strike 0-1: Foul Ball, location: 2F 0-2: Ground out U3 (Groundball, 34, EV 85.6 MPH)
|
| Top of the 3rd over - 0 runs, 0 hits, 0 errors, 0 left on base; University of Southern California 2 - Mississippi State University 0 |
| BOTTOM OF THE 3RD |
|
Mississippi State University Bulldogs batting - Pitching for University of Southern California Trojans : RHP Ville Nyman
|
|
Batting: RHB Adrian Brown
|
0-0: Called Strike 0-1: Swinging Strike 0-2: Ball 1-2: SINGLE (Groundball, 6S, EV 95.6 MPH)
|
|
Batting: LHB Danny Shanahan
|
0-0: Ball 1-0: Swinging Strike 1-1: Fly out, F9 (Flyball, 89D, EV 81.9 MPH)
|
|
Batting: LHB Vinnie Kalman
|
0-0: Swinging Strike 0-1: Called Strike 0-2: Ball 1-2: Fielders Choice at 2nd, 4-6 (Groundball, 34D, EV 86.2 MPH)
|
|
Batting: RHB Alvin Abarca
|
0-0: Called Strike 0-1: Ball 1-1: Ball 2-1: Foul Ball, location: 2F 2-2: Strikes out swinging
|
| Bottom of the 3rd over - 0 runs, 1 hit, 0 errors, 1 left on base; University of Southern California 2 - Mississippi State University 0 |
| TOP OF THE 4TH |
|
University of Southern California Trojans batting - Pitching for Mississippi State University Bulldogs : RHP Befikadu Mthuthuzeli
|
|
Batting: RHB Tri Kartini
|
0-0: Ground out 4-3 (Groundball, 4, EV 80.6 MPH)
|
|
Batting: RHB Eric Baker
|
0-0: Ball 1-0: Foul Ball, location: 2F 1-1: Called Strike 1-2: Foul Ball, location: 2F 1-2: Ball 2-2: Ground out 5-3 (Groundball, 15, EV 91.9 MPH)
|
|
Batting: RHB Mike Woodard
|
0-0: Fly out, F7 (Flyball, 78M, EV 88.8 MPH)
|
| Top of the 4th over - 0 runs, 0 hits, 0 errors, 0 left on base; University of Southern California 2 - Mississippi State University 0 |
| BOTTOM OF THE 4TH |
|
Mississippi State University Bulldogs batting - Pitching for University of Southern California Trojans : RHP Ville Nyman
|
|
Batting: RHB Josh Stene
|
0-0: Called Strike 0-1: Ball 1-1: Ball 2-1: Foul Ball, location: 2F 2-2: Foul Ball, location: 2F 2-2: Strikes out swinging
|
|
Batting: RHB Josh Simmons
|
0-0: Ball 1-0: Ball 2-0: Ball 3-0: Called Strike 3-1: Reached on error, E6 (Groundball, 6S, EV 66.2 MPH)
|
|
Batting: LHB Ricardo Ramos
|
0-0: Foul Ball, location: 2F 0-1: Ball 1-1: Called Strike 1-2: Strikes out looking
|
|
Batting: RHB Bill Petipas
|
0-0: Fly out, F2 (Popup, 3SF, EV 79.4 MPH)
|
| Bottom of the 4th over - 0 runs, 0 hits, 1 error, 1 left on base; University of Southern California 2 - Mississippi State University 0 |
| TOP OF THE 5TH |
|
University of Southern California Trojans batting - Pitching for Mississippi State University Bulldogs : RHP Befikadu Mthuthuzeli
|
|
Batting: RHB Juan Barela
|
0-0: Ball 1-0: Ball 2-0: Called Strike 2-1: Called Strike 2-2: Ball 3-2: Foul Ball, location: 2F 3-2: Foul Ball, location: 2F 3-2: SINGLE (Line Drive, 5D, EV 109.4 MPH)
|
|
Batting: LHB Victor Reyna
|
0-0: Ball 1-0: Called Strike 1-1: Foul Ball, location: 2F 1-2: Foul Ball, location: 2F 1-2: Foul Ball, location: 2F 1-2: Ball 2-2: Foul Ball, location: 2F 2-2: Ball 3-2: SINGLE (Groundball, 6D, EV 94.4 MPH) Juan Barela to second
|
|
Batting: RHB Ryan Thurston
|
0-0: Fielders Choice at 2nd, 6-4 (Groundball, 6, EV 104.4 MPH) Juan Barela to third
|
|
Batting: LHB Eli Evenson
|
0-0: Ball 1-0: Fly out, F8 (Flyball, 89S, EV 82.5 MPH)
|
|
Batting: LHB Alonzo Catalan
|
0-0: Ball 1-0: Fly out, F7 (Flyball, 78D, EV 104.4 MPH)
|
| Top of the 5th over - 0 runs, 2 hits, 0 errors, 2 left on base; University of Southern California 2 - Mississippi State University 0 |
| BOTTOM OF THE 5TH |
|
Mississippi State University Bulldogs batting - Pitching for University of Southern California Trojans : RHP Ville Nyman
|
|
Batting: RHB Alexis Gallegos
|
0-0: Ball 1-0: Ground out 6-3 (Groundball, 6, EV 102.5 MPH)
|
|
Batting: RHB Adrian Brown
|
0-0: Ball 1-0: Ball 2-0: Called Strike 2-1: Ball 3-1: Ground out 6-3 (Groundball, 6, EV 91.2 MPH)
|
|
Batting: LHB Danny Shanahan
|
0-0: Swinging Strike 0-1: Ball 1-1: Swinging Strike 1-2: Foul Ball, location: 3F, Error on foul ball, E3 1-2: Foul Ball, location: 2F 1-2: Ball 2-2: Strikes out swinging
|
| Bottom of the 5th over - 0 runs, 0 hits, 1 error, 0 left on base; University of Southern California 2 - Mississippi State University 0 |
| TOP OF THE 6TH |
|
University of Southern California Trojans batting - Pitching for Mississippi State University Bulldogs : RHP Befikadu Mthuthuzeli
|
|
Batting: LHB John Rumbolt
|
0-0: Called Strike 0-1: Ball 1-1: Swinging Strike 1-2: Ball 2-2: Strikes out swinging
|
|
Batting: RHB Tri Kartini
|
0-0: Called Strike 0-1: Foul Ball, location: 2F 0-2: SINGLE (Groundball, 6MD, EV 103.8 MPH)
|
|
Batting: RHB Eric Baker
|
0-0: Called Strike 0-1: Ball 1-1: Ball 2-1: Ball 3-1: Base on Balls Tri Kartini to second
|
|
Batting: RHB Mike Woodard
|
0-0: Foul Ball, location: 2F 0-1: DOUBLE (Flyball, 8RD, EV 106.9 MPH) Tri Kartini scores Eric Baker to third
|
|
Batting: RHB Juan Barela
|
0-0: Ball 1-0: Ball 2-0: Reached on error, E4 (Groundball, 4S, EV 81.2 MPH) Eric Baker scores Mike Woodard scores
|
|
Batting: LHB Victor Reyna
|
0-0: Ball 1-0: Called Strike 1-1: SINGLE (Groundball, 56D, EV 103.1 MPH) Juan Barela to third Runner from 3rd tries for Home, SAFE, throw by LF to home Victor Reyna to second
|
|
Batting: RHB Ryan Thurston
|
0-0: Called Strike 0-1: Ball 1-1: Ball 2-1: Swinging Strike 2-2: Ball 3-2: Foul Ball, location: 2F 3-2: Foul Ball, location: 2F 3-2: Base on Balls
|
|
Batting: LHB Eli Evenson
|
0-0: Ball 1-0: Fly out, F7 (Flyball, 7D, EV 105.0 MPH)
|
|
Batting: LHB Alonzo Catalan
|
0-0: Ball 1-0: Fly out, F9 (Flyball, 9, EV 96.2 MPH)
|
| Top of the 6th over - 4 runs, 3 hits, 1 error, 2 left on base; University of Southern California 6 - Mississippi State University 0 |
| BOTTOM OF THE 6TH |
|
Mississippi State University Bulldogs batting - Pitching for University of Southern California Trojans : RHP Ville Nyman
|
|
Pitching: RHP Reed Bauer
|
|
|
Batting: LHB Vinnie Kalman
|
0-0: Called Strike 0-1: Ball 1-1: Fly out, F7 (Flyball, 7, EV 97.5 MPH)
|
|
Batting: RHB Alvin Abarca
|
0-0: Called Strike 0-1: Called Strike 0-2: Ball 1-2: Foul Ball, location: 2F 1-2: Strikes out swinging
|
|
Batting: RHB Josh Stene
|
0-0: Called Strike 0-1: Foul Ball, location: 2F 0-2: Strikes out looking
|
| Bottom of the 6th over - 0 runs, 0 hits, 0 errors, 0 left on base; University of Southern California 6 - Mississippi State University 0 |
| TOP OF THE 7TH |
|
University of Southern California Trojans batting - Pitching for Mississippi State University Bulldogs : RHP Befikadu Mthuthuzeli
|
|
Batting: LHB John Rumbolt
|
0-0: Called Strike 0-1: Fly out, F9 (Flyball, 89M, EV 90.6 MPH)
|
|
Batting: RHB Tri Kartini
|
0-0: Ground out 6-3 (Groundball, 6M, EV 104.4 MPH)
|
|
Batting: RHB Eric Baker
|
0-0: DOUBLE (Groundball, 3L, EV 99.4 MPH)
|
|
Batting: RHB Mike Woodard
|
0-0: SINGLE (Groundball, 6MD, EV 100.0 MPH) Eric Baker to third Runner from 3rd tries for Home, SAFE, throw by CF to home Mike Woodard to second
|
|
Batting: RHB Juan Barela
|
0-0: Ground out 6-3 (Groundball, 6, EV 82.5 MPH)
|
| Top of the 7th over - 1 run, 2 hits, 0 errors, 1 left on base; University of Southern California 7 - Mississippi State University 0 |
| BOTTOM OF THE 7TH |
|
Mississippi State University Bulldogs batting - Pitching for University of Southern California Trojans : RHP Reed Bauer
|
|
Batting: RHB Josh Simmons
|
0-0: Ball 1-0: Ball 2-0: Ball 3-0: Called Strike 3-1: Swinging Strike 3-2: Strikes out swinging
|
|
Batting: LHB Ricardo Ramos
|
0-0: Swinging Strike 0-1: Ball 1-1: Swinging Strike 1-2: Ball 2-2: Strikes out looking
|
|
Pinch Hitting: RHB Ricky Mendoza
|
0-0: Called Strike 0-1: Swinging Strike 0-2: Ball 1-2: Ball 2-2: Foul Ball, location: 2F 2-2: Foul Ball, location: 2F 2-2: Ball 3-2: Foul Ball, location: 2F 3-2: Base on Balls
|
|
Batting: RHB Alexis Gallegos
|
0-0: Ground out 3-1 (Groundball, 34, EV 101.9 MPH)
|
| Bottom of the 7th over - 0 runs, 0 hits, 0 errors, 1 left on base; University of Southern California 7 - Mississippi State University 0 |
| TOP OF THE 8TH |
|
University of Southern California Trojans batting - Pitching for Mississippi State University Bulldogs : RHP Befikadu Mthuthuzeli
|
|
Now at 1B: Benjamin Alderdice
|
|
|
Batting: LHB Victor Reyna
|
0-0: Ground out 6-3 (Groundball, 6S, EV 73.8 MPH)
|
|
Batting: RHB Ryan Thurston
|
0-0: SINGLE (Groundball, 6, EV 96.2 MPH)
|
|
Batting: RHB Jim Baltazar
|
0-0: Ball 1-0: Swinging Strike 1-1: Called Strike 1-2: Foul Ball, location: 2F 1-2: Strikes out swinging
|
|
Batting: LHB Alonzo Catalan
|
0-0: Ball 1-0: Swinging Strike 1-1: Called Strike 1-2: Foul Ball, location: 2F 1-2: Ball 2-2: Ball 3-2: Base on Balls Ryan Thurston to second
|
|
Batting: LHB John Rumbolt
|
0-0: Foul Ball, location: 2F 0-1: Called Strike 0-2: Reached on error, E6 (Groundball, 6, EV 90.0 MPH) Ryan Thurston to third Alonzo Catalan to second
|
|
Batting: RHB Tri Kartini
|
0-0: Ball 1-0: Ground out U3 (Groundball, 34S, EV 81.9 MPH)
|
| Top of the 8th over - 0 runs, 1 hit, 1 error, 3 left on base; University of Southern California 7 - Mississippi State University 0 |
| BOTTOM OF THE 8TH |
|
Mississippi State University Bulldogs batting - Pitching for University of Southern California Trojans : RHP Reed Bauer
|
|
Batting: RHB Adrian Brown
|
0-0: Ball 1-0: Fly out, F9 (Flyball, 9LS, EV 78.8 MPH)
|
|
Batting: LHB Danny Shanahan
|
0-0: Ball 1-0: Called Strike 1-1: Fly out, F8 (Line Drive, 89M, EV 84.4 MPH)
|
|
Batting: LHB Vinnie Kalman
|
0-0: Ball 1-0: Called Strike 1-1: Called Strike 1-2: Ball 2-2: Ground out 4-3 (Groundball, 4, EV 86.2 MPH)
|
| Bottom of the 8th over - 0 runs, 0 hits, 0 errors, 0 left on base; University of Southern California 7 - Mississippi State University 0 |
| TOP OF THE 9TH |
|
University of Southern California Trojans batting - Pitching for Mississippi State University Bulldogs : RHP Befikadu Mthuthuzeli
|
|
Pinch Hitting: RHB John Sandberg
|
0-0: Ground out 6-3 (Groundball, 6, EV 81.2 MPH)
|
|
Pinch Hitting: LHB Roger Kean
|
0-0: Called Strike 0-1: Ball 1-1: Ball 2-1: Ball 3-1: Called Strike 3-2: Strikes out swinging
|
|
Pinch Hitting: SHB Jason Keys
|
0-0: Ball 1-0: Ball 2-0: Ball 3-0: Base on Balls
|
|
Batting: LHB Victor Reyna
|
0-0: Fly out, F9 (Line Drive, 89M, EV 99.4 MPH)
|
| Top of the 9th over - 0 runs, 0 hits, 0 errors, 1 left on base; University of Southern California 7 - Mississippi State University 0 |
| BOTTOM OF THE 9TH |
|
Mississippi State University Bulldogs batting - Pitching for University of Southern California Trojans : RHP Reed Bauer
|
|
Now at C: Ashley Shepherd
|
|
|
Now at 2B: John Sandberg
|
|
|
Now at SS: Jeremy McAbee
|
|
|
Batting: RHB Alvin Abarca
|
0-0: Called Strike 0-1: Foul Ball, location: 2F 0-2: Foul Ball, location: 2F 0-2: Ball 1-2: Strikes out looking
|
|
Pinch Hitting: RHB Oscar Vargas
|
0-0: Ball 1-0: Ball 2-0: Fly out, F9 (Flyball, 9D, EV 100.6 MPH)
|
|
Pinch Hitting: RHB Chris Everett
|
0-0: Ball 1-0: Foul Ball, location: 2F 1-1: Ball 2-1: Called Strike 2-2: Fly out, F9 (Flyball, 89M, EV 89.4 MPH)
|
| Bottom of the 9th over - 0 runs, 0 hits, 0 errors, 0 left on base; University of Southern California 7 - Mississippi State University 0 |
|